 Dungeon Crawl Stone Soup version 0.23.2-33-g5129a83184 (webtiles) character file.

Game seed: 16298928632989647645

94 Destapler the Caller (level 4, -2/24 HPs)
             Began as a Deep Elf Summoner on July 22, 2019.
             Slain by a gnoll
             ... wielding a +0 spear
              (5 damage)
             ... on level 3 of the Dungeon.
             The game lasted 00:24:46 (2775 turns).

Destapler the Caller (Deep Elf Summoner)            Turns: 2775, Time: 00:24:46

Health: -2/24      AC:  2    Str:  5    XL:     4   Next: 38%
Magic:  11/11      EV: 14    Int: 21    God:
Gold:   124        SH:  0    Dex: 15    Spells: 4/10 levels left

rFire    . . .     SeeInvis .   g - +0 dagger
rCold    . . .     Gourm    .   (no shield)
rNeg     . . .     Faith    .   a - +0 robe
rPois    .         Spirit   .   (no helmet)
rElec    .         Reflect  .   (no cloak)
rCorr    .         Harm     .   (no gloves)
MR       .....                  (no boots)
Stlth    +++.......             (no amulet)
HPRegen  0.08/turn              n - ring of stealth
MPRegen  0.12/turn              (no ring)

@: no status effects
A: no striking features
a: no special abilities


You were on level 3 of the Dungeon.
You were not hungry.

You visited 1 branch of the dungeon, and saw 3 of its levels.

You collected 124 gold pieces.

Inventory:

Hand Weapons
 g - a +0 dagger (weapon)
 r - a cursed +0 whip
Missiles
 f - 4 javelins (quivered)
 h - 77 stones
Armour
 a - a +0 robe (worn)
Magical Staves
 o - an uncursed staff of poison
Jewellery
 n - a ring of stealth (left hand)
 q - a cursed ring of teleportation {unknown}
Wands
 i - a wand of iceblast (5)
Scrolls
 e - 5 scrolls of identify {unknown}
 k - 2 scrolls of magic mapping {unknown}
 p - a scroll of remove curse {unknown}
 s - a scroll of blinking {unknown}
Potions
 b - a potion of haste {unknown}
 d - 2 potions of berserk rage {unknown}
 j - 2 potions of agility {unknown}
 l - 4 potions of degeneration {unknown}
 m - a potion of curing {unknown}
 u - a potion of flight {unknown}
Comestibles
 c - 6 rations
 t - 6 chunks of flesh


   Skills:
 + Level 1.2 Short Blades
 + Level 3.4 Dodging
 + Level 3.5 Stealth
 + Level 3.9 Spellcasting
 + Level 4.9 Summonings


You had 4 spell levels left.
You knew the following spells:

 Your Spells              Type           Power        Failure   Level  Hunger
a - Summon Small Mammal   Summ           ###.         1%          1    None
b - Call Imp              Summ           ###.....     2%          2    #......
c - Call Canine Familiar  Summ           ###.....     4%          3    ###....

Your spell library contained the following spells:

 Spells                   Type           Power        Failure   Level  Hunger
 Summon Guardian Golem    Hex/Summ       ##......     13%         3    ###....
 Summon Ice Beast         Ice/Summ       ##......     41%         4    ####...
 Summon Lightning Spire   Summ/Air       ##......     41%         4    ####...


Dungeon Overview and Level Annotations

Branches:
Dungeon (3/15)

Altars:
Wu Jian


Message History

Press: ? - help, Dir - move target cursor, f - gnoll
Aim: a gnoll, wielding a +0 spear Attack!
Your crimson imp blinks!
You swap places.
Your crimson imp barely misses the gnoll.
The gnoll barely misses you.
Your crimson imp barely misses the gnoll.
The gnoll misses you.
Your crimson imp barely misses the gnoll.
The gnoll barely misses you.
Your crimson imp closely misses the gnoll.
The gnoll hits you from afar with a +0 spear!
Ouch! That really hurt!
Your crimson imp hits the gnoll.
The gnoll hits you from afar with a +0 spear.
* * * LOW HITPOINT WARNING * * *
Your crimson imp barely misses the gnoll.
The gnoll hits you from afar with a +0 spear.
You die...

###.##### #.# #.#
#5# #.# #.#########
#......5..#
#############.#
#.@.).......#.#
#5#########.#.# #g#
#....<#.#5# #.#
#.#####.#.#####
#...g.#.....#....5.
#######.###########
#.# # #.# # #.# #


You could see a gnoll and a friendly crimson imp.

Vanquished Creatures
  A leopard gecko (D:3)
  An orc (D:3)
  3 bats
  2 giant cockroaches (D:1)
  2 hobgoblins
  2 kobolds (D:2)
  A quokka (D:3)
  2 frilled lizards
  A goblin (D:1)
  2 rats
17 creatures vanquished.

Vanquished Creatures (collateral kills)
  2 adders
  5 gnolls
  An ooze (D:1)
  3 worms (D:2)
  2 leopard geckos
  2 ball pythons (D:1)
  2 bats
  A giant cockroach (D:2)
  6 goblins
  5 hobgoblins
  10 jackals
  A quokka (D:3)
  3 kobolds
  7 rats
50 creatures vanquished.

Grand Total: 67 creatures vanquished

Notes
Turn   | Place    | Note
-------+----------+-------------------------------------------
     0 | D:1      | Destapler the Deep Elf Summoner began the quest for the
                  | Orb.
     0 | D:1      | Reached XP level 1. HP: 10/10 MP: 6/6
   352 | D:1      | Reached XP level 2. HP: 11/15 MP: 5/8
   377 | D:1      | Learned a level 2 spell: Call Imp
  1085 | D:2      | Reached XP level 3. HP: 19/19 MP: 7/10
  1182 | D:2      | Found an ornate altar of the Wu Jian Council.
  2106 | D:2      | Reached skill level 1 in Short Blades
  2178 | D:2      | Reached XP level 4. HP: 17/24 MP: 11/11
  2269 | D:2      | Learned a level 3 spell: Call Canine Familiar
  2775 | D:3      | Slain by a gnoll

Skill      XL: |  1  2  3 |
---------------+----------+-----
Stealth        | 3 |  3.5
Dodging        | 3 |  3.4
Short Blades   | 1 |  1.2
Spellcasting   | |  3.9
Summonings     | |  4.9

Action                   |  1- 3 |  4- 6 || total
-------------------------+-------+-------++-------
Melee: Dagger            |    69 |    25 ||    94
       Unarmed           |     6 |       ||     6
 Cast: Summon Small Mamm |     8 |       ||     8
       Call Imp          |    21 |     6 ||    27
       Call Canine Famil |       |     5 ||     5
 Stab: Sleeping          |    10 |     3 ||    13
  Eat: Chunk             |     5 |     2 ||     7
Armor: Robe              |    19 |     5 ||    24
Dodge: Dodged            |    65 |    21 ||    86
